 Dungeon Crawl Stone Soup version 0.28.0 (webtiles) character file.

Game seed: 12710528777027086479

510 RighteousDevil the Grappler (level 6, -3/59 HPs)
             Began as a Troll Monk on Feb 18, 2022.
             Slain by a water moccasin (5 damage)
             ... on level 5 of the Dungeon.
             The game lasted 00:05:10 (3724 turns).

RighteousDevil the Grappler (Troll Monk)            Turns: 3724, Time: 00:05:10

Health: -3/59      AC:  4    Str: 20    XL:     6   Next: 98%
Magic:  5/5        EV: 10    Int:  6    God:
Gold:   142        SH:  0    Dex: 14    Spells: 5/5 levels left

rFire   . . .      SeeInvis .     - Unarmed
rCold   . . .      Faith    .   (no shield)
rNeg    . . .      Spirit   .   a - +0 robe
rPois   .          Reflect  .   (helmet restricted)
rElec   .          Harm     .   (no cloak)
rCorr   .          Rampage  .   (gloves unavailable)
Will    .....                   (boots unavailable)
Stlth   ++........              l - amulet of magic regeneration
HPRegen 0.99/turn               (no ring)
MPRegen 0.49/turn               (no ring)

@: lethally poisoned (-3 -> -4)
A: large, unfitting armour, claws 3, regeneration 1, shaggy fur 1, tough skin 1
a: no special abilities


You were on level 5 of the Dungeon.
You visited 2 branches of the dungeon, and saw 6 of its levels.

You collected 142 gold pieces.

Inventory:

Hand Weapons
 i - a +0 mace
Armour
 a - a +0 robe (worn)
Jewellery
 f - a ring of wizardry
 h - a ring of ice
 l - an amulet of magic regeneration (around neck)
Scrolls
 g - a scroll of magic mapping {unknown}
 k - 4 scrolls of fear
 m - a scroll of blinking {unknown}
 n - 2 scrolls of silence {unknown}
 o - 3 scrolls of teleportation {unknown}
Potions
 b - a potion of lignification
 j - 2 potions of might


   Skills:
 - Level 2.4 Fighting
 - Level 2.4 Dodging
 - Level 1.0 Stealth
 + Level 8.0 Unarmed Combat


You had 5 spell levels left.
You didn't know any spells.
Your spell library contained the following spells:

 Spells                   Type           Power      Damage    Failure   Level
 Summon Guardian Golem    Hex/Summ       0%         N/A       83%         3
 Borgnjor's Vile Clutch   Necr/Erth      0%         N/A       100%        5
 Excruciating Wounds      Necr           0%         N/A       100%        5
 Death Channel            Necr           0%         N/A       100%        6


Dungeon Overview and Level Annotations

Branches:
Dungeon (5/15)             Temple (1/1) D:4

Altars:
Ashenzari
Cheibriados
Elyvilon
Fedhas
Gozag
Kikubaaqudgha
Makhleb
Nemelex Xobeh
Qazlal
Ru
Trog
Uskayaw
Vehumet
Xom
Yredelemnul
Zin
The Shining One


Innate Abilities, Weirdness & Mutations

You are too large for most types of armour.
You have claws for hands.
Your natural rate of healing is unusually fast.
You are covered in fur. (AC +1)
You have tough skin. (AC +1)


Message History

* * * LOW HITPOINT WARNING * * *
You claw the centaur!
You kill the centaur!
You feel very sick. The water moccasin closely misses you.
Your Unarmed Combat skill increases to level 8!
You barely miss the water moccasin.
The water moccasin is moderately wounded.
You feel very sick. The water moccasin misses you.
You barely miss the water moccasin.
The water moccasin is moderately wounded.
You feel sick. The water moccasin bites you.
* * * LOW HITPOINT WARNING * * *
You miss the water moccasin.
The water moccasin is moderately wounded.
You feel sick. The water moccasin bites you.
* * * LOW HITPOINT WARNING * * *
The water moccasin bites you but does no damage.
You closely miss the water moccasin.
The water moccasin is lightly wounded.
You feel sick. The water moccasin bites you.
* * * LOW HITPOINT WARNING * * *
Really quaff the potion of lignification?
Okay, then.
Unknown command.
Unknown command.
Unknown command.
A water moccasin is nearby!
Unknown command.
Okay, then.
You feel sick.
Things that are here:
a +0 shortbow; 12 arrows; a centaur corpse You feel sick.
The water moccasin closely misses you.
You feel sick.
You feel sick. The water moccasin barely misses you.
You feel sick.
You feel sick. The water moccasin bites you.
You die...

#### #...##
##..... #.....
##...#
######...#
.......@.##
#......S..####.
#####..........
##.........
#.........
##)......(
#..)......
##.........
#..........


You could see a water moccasin.

Vanquished Creatures
  A centaur (D:5)
  2 phantoms
  A scorpion (D:4)
  A hound (D:4)
  An orc wizard (D:3)
  6 adders
  2 adder skeletons (D:4)
  2 worms
  7 dart slugs
  8 orcs
  4 endoplasms (D:1)
  7 giant cockroaches
  11 goblins
  5 hobgoblins
  3 jackals (D:1)
  10 kobolds
  2 quokkas (D:4)
  5 ball pythons
  2 bats (D:1)
  7 frilled lizards
  5 rats
92 creatures vanquished.

Vanquished Creatures (others)
  4 plants (D:1)
4 creatures vanquished.

Grand Total: 96 creatures vanquished

Notes
Turn   | Place    | Note
-------+----------+-------------------------------------------
     0 | D:1      | RighteousDevil the Troll Monk began the quest for the Orb.
     0 | D:1      | Reached XP level 1. HP: 22/22 MP: 0/0
     7 | D:1      | You fall into a shaft and drop 1 floor!
    91 | D:2      | Noticed a phantom
   100 | D:2      | Killed a phantom
   101 | D:2      | Reached skill level 5 in Unarmed Combat
   101 | D:2      | Reached XP level 2. HP: 25/29 MP: 1/1
   101 | D:2      | Reached XP level 3. HP: 31/36 MP: 2/2
   101 | D:2      | Reached XP level 4. HP: 38/44 MP: 3/3
   118 | D:2      | Found a shimmering altar of Xom.
   477 | D:1      | Got the Reference Book on Illusion and Unholy Arts
   758 | D:1      | Found a faded altar of an unknown god.
   967 | D:2      | Reached XP level 5. HP: 50/50 MP: 4/4
  1531 | D:3      | Found a broken altar of Ashenzari.
  1562 | D:3      | Reached skill level 6 in Unarmed Combat
  2412 | D:4      | Noticed a phantom
  2424 | D:4      | Killed a phantom
  2425 | D:4      | Reached skill level 7 in Unarmed Combat
  2425 | D:4      | Reached XP level 6. HP: 45/59 MP: 5/5
  2815 | D:4      | Found a white marble altar of Elyvilon.
  3051 | D:4      | Found a hide-covered altar of Uskayaw.
  3216 | D:4      | Found a staircase to the Ecumenical Temple.
  3314 | D:4      | Found a glowing golden altar of the Shining One.
  3440 | Temple   | Entered the Ecumenical Temple
  3696 | D:5      | Entered Level 5 of the Dungeon
  3701 | D:5      | Noticed a water moccasin
  3715 | D:5      | Reached skill level 8 in Unarmed Combat
  3718 | D:5      | HP: 2/59 [water moccasin (3)]
  3723 | D:5      | HP: 2/59 [poisoned by a water moccasin]
  3724 | D:5      | Slain by a water moccasin

Illustrated notes

Levels and vault maps discovered:
D:1:      evilmike_arrival_crescent, layout_basic,
          shapermc_ecumenical_altar_mp_highgroup, lexackson_kobold_supper
D:2:      layout_basic, basic_altar
D:3:      layout_basic, nicolae_ashenzari_skybound, nrook_mini_vaults,
          kennysheep_generic_room_9
D:4:      layout_loops_corners, nicolae_elyvilon_peaceful_grove,
          mainiacjoe_overflow_alcove_2, eat_drink_and_be_merry_uskayaw,
          minmay_temple_entry_poolview, gup_sewer_entry_bubbles
D:5:      minmay_razor_zed, layout_layer_cave, nzn_wu_jian_contemplation,
          lemuel_doored_altar, uniq_prince_ribbit1, uniq_eustachio,
          uniq_sigmund, uniq_edmund
Temple:   nicolae_temple_figure_eight

Skill      XL: |  1  2  3  4  5  6 |
---------------+-------------------+-----
Unarmed Combat | 5 7 8 |  8.0
Fighting       | |  2.4
Dodging        | |  2.4
Stealth        | |  1.0

Action                   |  1- 3 |  4- 6 || total
-------------------------+-------+-------++-------
Melee: Unarmed           |    12 |   216 ||   228
       Punch             |     1 |     6 ||     7
  Use: Scroll            |       |     5 ||     5
       Potion            |       |     1 ||     1
 Stab: Sleeping          |       |    10 ||    10
Armor: Robe              |     8 |    68 ||    76
Dodge: Dodged            |     4 |   128 ||   132
